 Dungeon Crawl Stone Soup version 0.30-a0-359-gd0147acb1a (webtiles) character file.

Game seed: 17778762844568247754

7 ragingrage the Slasher (level 1, 0/17 HPs)
             Began as a Draconian Gladiator on Nov 12, 2022.
             Slain by a jackal (2 damage)
             ... on level 1 of the Dungeon.
             The game lasted 00:00:17 (52 turns).

ragingrage the Slasher (Draconian Gladiator)          Turns: 52, Time: 00:00:17

Health: 0/17       AC:  4    Str: 16    XL:     1   Next: 83%
Magic:  1/1        EV: 12    Int:  8    God:
Gold:   0          SH:  0    Dex: 12    Spells: 0/0 levels left

rFire   . . .      SeeInvis .    a - +0 long sword
rCold   . . .      Faith    .    (no shield)
rNeg    . . .      Spirit   .    (body armour unavailable)
rPois   .          Reflect  .    b - +0 hat
rElec   .          Harm     .    (no cloak)
rCorr   .          Rampage  .    (no gloves)
Will    .....                    (no boots)
Stlth   +.........               (no amulet)
HPRegen 0.22/turn                (no ring)
MPRegen 0.07/turn                (no ring)

@: no status effects
A: AC +4, unfitting armour, cold-blooded
a: no special abilities


You were on level 1 of the Dungeon.
You visited 1 branch of the dungeon, and saw 1 of its levels.

Inventory:

Hand Weapons
 a - a +0 long sword (weapon)
Missiles
 c - 3 throwing nets (quivered)
 d - a javelin
Armour
 b - a +0 hat (worn)


   Skills:
 - Level 2.1 Fighting
 + Level 3.5 Long Blades
 - Level 1.7 Throwing
 - Level 2.6 Dodging


You couldn't memorise any spells.
You didn't know any spells.
Your spell library was empty.

Dungeon Overview and Level Annotations

Branches:
Dungeon (1/15)

Altars:


Innate Abilities, Weirdness & Mutations

Your plain brown scales are hard. (AC +4)
You cannot fit into any form of body armour.
You are cold-blooded and may be slowed by cold attacks.


Message History

The jackal completely misses you.
You closely miss the goblin. Your punch misses the goblin.
The goblin is moderately wounded.
The jackal bites you but does no damage.
The goblin completely misses you. The jackal closely misses you.
You completely miss the goblin. Your punch misses the goblin.
The goblin misses you. The jackal barely misses you. x2
The goblin hits you but does no damage.
You hit the goblin.
You kill the goblin!
The jackal misses you. The jackal barely misses you.
The jackal closely misses you. The giant cockroach barely misses you.
The jackal bites you but does no damage.
You hit the giant cockroach but do no damage.
Your punch misses the giant cockroach. The jackal closely misses you. x2
The giant cockroach barely misses you. The jackal closely misses you.
The jackal bites you but does no damage.
You closely miss the giant cockroach. The giant cockroach closely misses you.
The jackal barely misses you. The jackal misses you.
The giant cockroach bites you but does no damage.
The jackal misses you. The jackal closely misses you.
You barely miss the jackal. The giant cockroach closely misses you.
The jackal bites you but does no damage. x2
You miss the jackal.
You tail-slap the jackal, but do no damage.
The jackal bites you but does no damage.
The jackal closely misses you. The giant cockroach closely misses you.
The jackal bites you but does no damage.
The jackal completely misses you.
The giant cockroach completely misses you.
You closely miss the jackal. The jackal barely misses you.
The jackal bites you but does no damage.
The giant cockroach bites you.
* * * LOW HITPOINT WARNING * * *
The jackal misses you. The jackal barely misses you.
The giant cockroach closely misses you.
You closely miss the jackal. The jackal bites you.
* * * LOW HITPOINT WARNING * * *
The jackal bites you.
You die...

.............?
#...............†[.
#..#..#..8...8..#..
#..................
#.....(............
#..#..#..#...#..#..
#..................
#..h.........(.....
#.@#..#..#...#..#..
##hB...............
#.................
##...#..#...#..#..
###.............#
####...<...####
#########


You could see 2 jackals and a giant cockroach.

Vanquished Creatures
  A giant cockroach (D:1)
  A goblin (D:1)
  A quokka (D:1)
  A ball python (D:1)
  2 bats (D:1)
  A frilled lizard (D:1)
7 creatures vanquished.

Notes
Turn   | Place    | Note
-------+----------+-------------------------------------------
     0 | D:1      | ragingrage the Draconian Gladiator began the quest for the
                  | Orb.
     0 | D:1      | Reached XP level 1. HP: 17/17 MP: 1/1
    52 | D:1      | Slain by a jackal

Illustrated notes

Levels and vault maps discovered:
D:1:      co_arrival_hall_of_pillars, layout_loops_ring

Action                   || total
-------------------------++-------
Melee: Long sword        ||    25
       Tailslap          ||     4
Armor: Skin              ||    29
Dodge: Dodged            ||    75

Table legend: (Time is in decaauts)
 A = Elapsed time spent in this place.
 B = Non-inter-level travel time spent in this place.
 C = Inter-level travel time spent in this place.
 D = Time resting spent in this place.
 E = Time spent auto-exploring this place.
 F = Levels seen in this place.
 G = Mean time per level.
                   A        B        C        D        E       F      G
               +--------+--------+--------+--------+--------+-----+--------+
         Total |     57 |     57 |      0 |      0 |      2 |   1 |   57.0 |
       Dungeon |     57 |     57 |      0 |      0 |      2 |   1 |   57.0 |
               +--------+--------+--------+--------+--------+-----+--------+

Top non-repeatable levels by time:
     D:1: 57 daAuts
